 Dungeon Crawl Stone Soup version 0.23.2-1-ga50397a (console) character file.

Game seed: 4128822059868021918

243841 jt the Acrobat (level 18, -4/98 HPs)
             Began as a Felid Berserker on May 17, 2019.
             Was the Champion of Trog.
             Slain by a stone giant (25 damage)
             ... on level 4 of the Depths on May 18, 2019.
             The game lasted 04:33:40 (81517 turns).

jt the Acrobat (Felid Berserker)                   Turns: 81517, Time: 04:33:41

Health: -4/98      AC:  5    Str: 16    XL:     18   Next: 71%
Magic:  29/29      EV: 42    Int: 13    God:    Trog [******]
Gold:   2501       SH:  0    Dex: 26    Spells: 17/17 levels left
                                        Lives:  0   Deaths: 5

rFire    + + .     SeeInvis +     - Unarmed
rCold    + . .     Gourm    .   (shield unavailable)
rNeg     + . .     Faith    .   (armour unavailable)
rPois    .         Spirit   .   (helmet unavailable)
rElec    +         Reflect  .   (cloak unavailable)
rCorr    .         Harm     .   (gloves unavailable)
MR       +++..     NoTele   +   (boots unavailable)
Stlth    ++++++....             V - amulet of the acrobat
HPRegen  0.26/turn              H - ring "Veodunot" {-Tele rF+ rN+ Dex+4 Stlth+}
MPRegen  0.21/turn              p - ring "Mudiwas" {*Tele rElec rF+ Int+3}

@: berserk cooldown, slowed, slow
A: very small, no armour, no weapons or thrown items, stealth, claws 1, fangs 3,
iridescent scales 1, see invisible, agile 1, carnivore, speed 1, magic
resistance 1, shaggy fur 3, slow metabolism 1, MP-powered wands, sharp paws
}: 2/15 runes: barnacled, gossamer
a: Berserk, Trog's Hand, Brothers in Arms, Renounce Religion


You were on level 4 of the Depths.
You worshipped Trog.
Trog was exalted by your worship.
You were very full.

You visited 9 branches of the dungeon, and saw 43 of its levels.
You visited 1 bazaar.
You also visited: Gauntlet, Ice Cave, Volcano and Desolation.

You collected 5309 gold pieces.
You spent 2808 gold pieces at shops.

Inventory:

Jewellery
 g - the ring of Yceoxi {*Contam rPois rC+ Slay+2 Stlth-}
   (You found it on level 6 of the Lair of Beasts)

   [ring of attention]

   It affects your accuracy and damage with ranged weapons and melee attacks
   (+2).
   It protects you from cold.
   It protects you from poison.
   It causes magical contamination when unequipped.
   It makes you less stealthy.
 h - an uncursed ring of protection from magic
 i - an uncursed ring of resist corrosion
 p - the ring "Mudiwas" (right paw) {*Tele rElec rF+ Int+3}
   (You found it in the Desolation of Salt)

   [ring of teleportation]

   It may teleport you next to monsters.
   It affects your intelligence (+3).
   It protects you from fire.
   It insulates you from electricity.
 A - an uncursed ring of protection from fire
 D - a +3 ring of protection
 H - the ring "Veodunot" (left paw) {-Tele rF+ rN+ Dex+4 Stlth+}
   (You found it in the Desolation of Salt)

   [ring of stealth]

   It affects your dexterity (+4).
   It protects you from fire.
   It protects you from negative energy.
   It prevents most forms of teleportation.
   It makes you more stealthy.
 I - an uncursed ring of protection from cold
 V - an amulet of the acrobat (around neck)
 Z - a +3 ring of protection
Wands
 o - a wand of clouds (4)
 r - a wand of disintegration (7)
 y - a wand of enslavement (6)
 E - a wand of acid (5)
 F - a wand of flame (85)
 G - a wand of paralysis (14)
 J - a wand of polymorph (30)
 N - a wand of random effects (32)
 U - a wand of digging (4)
Scrolls
 b - 25 scrolls of identify
 j - 12 scrolls of teleportation
 m - 2 scrolls of silence
 n - 5 scrolls of fog
 q - 13 scrolls of remove curse
 s - a scroll of blinking
 v - a scroll of summoning
 C - 5 scrolls of fear
 S - 5 scrolls of immolation
Potions
 c - 7 potions of mutation
 d - 4 potions of brilliance
 e - a potion of resistance
 f - 6 potions of lignification
 k - 2 potions of heal wounds
 l - 5 potions of curing
 t - 4 potions of flight
 w - 6 potions of ambrosia
 x - a potion of magic
 L - a potion of invisibility
 Q - a potion of cancellation
 R - 2 potions of agility
 T - 5 potions of might
Miscellaneous
 u - a sack of spiders
 K - a crystal ball of energy
 P - a lightning rod (4/4)
 W - a phial of floods
 X - a lamp of fire
 Y - 2 phantom mirrors
Comestibles
 a - 79 rations


   Skills:
 + Level 20.9 Fighting
 - Level 24.2 Dodging
 - Level 9.3 Stealth
 + Level 21.6 Unarmed Combat
 + Level 13.3 Evocations


You had 17 spell levels left.
You didn't know any spells.
Your spell library was empty.

Dungeon Overview and Level Annotations

Branches:
Dungeon (15/15)            Temple (1/1) D:5            Lair (6/6) D:9
 Shoals (4/4) Lair:4       Spider (4/4) Lair:2        Slime (0/5) Lair:5
    Orc (2/2) D:11            Elf (2/3) Orc:2        Vaults (4/5) D:14
  Crypt (0/3) Vaults:2     Depths (5/5) D:15
    Zot: Depths:5

Altars:
Ashenzari
Dithmenos
Fedhas
Gozag
Kikubaaqudgha
Qazlal
Sif Muna
Wu Jian
Xom
Beogh

Shops:
D:8 [   D:12 (   Orc:1 }   Orc:2 *(:?}   Shoals:4 [   Depths:4 *[!%

Portals:
Hell: Depths:1 Depths:2 Depths:5
Abyss: Depths:4
Ziggurat: Depths:5
Trove: Vaults:4 (give 17 potions of curing)

Annotations:
D:10 3 runed translucent doors
D:12 exclusion: ice statue
Lair:1 3 runed translucent doors, jeko's ghost, journeyman HuFi
Spider:4 Tramtrist's ghost, adept DDFi
Depths:2 1 runed translucent door, qeurul's ghost, adept MiFi


Innate Abilities, Weirdness & Mutations

You cannot wear armour.
You are incapable of wielding weapons or throwing items.
Your paws allow you to move quietly. (Stealth)
You have sharp claws.
You have razor-sharp teeth.
You have supernaturally acute eyesight. (SInv)
You are carnivorous and can eat meat at any time.
You cover ground quickly.
Your thick and shaggy fur keeps you warm. (AC +3, rC+)
You have a slow metabolism.
Your sharp claws are effective at attacking unaware monsters.
You are partially covered in iridescent scales. (AC +2)
You are agile. (Dex +2)
You are resistant to hostile enchantments. (MR+)
You expend magic power (3 MP) to strengthen your wands.


Message History

Things that are here:
3 large rocks; 5 chunks of flesh; a stone giant skeleton You scratch the stone giant.
The stone giant is lightly wounded.
The stone giant completely misses you.
You scratch the stone giant.
The stone giant is lightly wounded.
The stone giant hits you!!
You mangle the stone giant!!
The stone giant is moderately wounded.
The stone giant hits you!!
You mangle the stone giant!!
You bite the stone giant, but do no damage.
The stone giant is heavily wounded.
The stone giant hits you!
* * * LOW HITPOINT WARNING * * *
You scratch the stone giant. You claw the stone giant!
The stone giant is severely wounded.
The stone giant hits you!!
You die...

#.....##........#≈..○#..#........
#.....##...()...##..##.∩#..⌠.∩.⌠.
#.....8#........#.)..#.)#.....[..
#.^....#........'.......#.....[..
#......'........#################
.......'.....(.).(...............
.......#.........)...........)...
.......+....(....................
#......+...(...(@.......######...
#......#.......C######'##.)).###'
#.....8#........'...#≈.≈#.†..#...
#.....###########.∩.##>##.)..'..∩
#.....# #p#p#p ...#≈.≈#....#...
#.....# # ## #$#############
#.....###########################
.................................
.................................


You could see a stone giant and a slave.

Vanquished Creatures
  A golden dragon (Depths:5)
  A bone dragon (Depths:5)
  2 titans (Depths:4)
  A sphinx (Depths:4)
  Agnes (Spider:1)
  Gastronok (Orc:1)
  Kirke (D:12)
  A shadow dragon (Depths:5)
  Ilsuiw (Shoals:4)
  2 storm dragons
  6 vault wardens
  5 fire giants
  4 frost giants
  3 imperial myrmidons (Desolation)
  An iron dragon (Depths:4)
  7 emperor scorpions
  3 orc warlords
  2 ghost moths
  A ghoul (Vaults:1)
  11 very ugly things
  A war gargoyle (Vaults:4)
  6 ironheart preservers
  3 vampire knights
  13 stone giants
  4 entropy weavers
  2 deep elf demonologists
  A deep elf annihilator (Vaults:1)
  A white draconian (Depths:5)
  Azrael (Spider:1)
  A red draconian (Depths:5)
  A spark wasp (Spider:4)
  5 ettins
  A spark wasp (shapeshifter) (Vaults:4)
  3 merfolk javelineers (Shoals:4)
  2 deep elf death magi
  A crystal guardian (Desolation)
  6 merfolk impalers
  8 jiangshi (Depths:2)
  5 fire dragons
  6 great orbs of eyes
  A ragged hierophant (Desolation)
  3 yaktaur captains
  6 peacekeepers (Desolation)
  Harold (D:7)
  4 rakshasas
  10 hydras
  4 ice dragons
  A vault guard (Vaults:1)
  4 servants of whispers (Desolation)
  A spriggan air mage (Depths:5)
  11 centaur warriors
  12 death yaks
  2 merfolk aquamancers (Shoals:4)
  3 merfolk avatars
  2 satyrs (Shoals:3)
  11 ogre magi
  2 death knights
  40 two-headed ogres
  3 deep troll shamans
  A death scarab (Gauntlet)
  4 tengu warriors
  6 vampire magi
  2 deep troll earth magi
  An orc high priest (Depths:4)
  2 spriggan berserkers (Depths:5)
  6 deep elf knights
  A hell knight (Volcano)
  Sonja (Orc:2)
  A shadow wraith (Vaults:3)
  5 skeletal warriors
  5 sea snakes
  6 unseen horrors
  Pikel (D:4)
  A glowing orange brain (D:15)
  10 deep trolls
  A spectral hydra (Gauntlet)
  3 phantasmal warriors
  11 wizards
  12 orc knights
  6 deep elf archers
  6 deep elf magi
  11 ironbrand convokers
  8 harpies
  11 orb spiders
  2 oklob plants
  2 necromancers
  26 wolf spiders
  4 frost giant zombies (Depths:2)
  47 ugly things
  2 orc sorcerers
  A mana viper (shapeshifter) (Vaults:3)
  7 wolf spider zombies (Spider:3)
  6 cyclopes
  8 manticores
  2 moths of wrath
  9 merfolk sirens
  3 guardian serpents
  6 fauns
  10 black mambas
  7 salamanders
  A water nymph (Shoals:4)
  3 ice statues (IceCv)
  4 molten gargoyles
  2 torpor snails
  12 spiny frogs
  8 vault sentinels
  11 demonic crawlers
  2 rime drakes
  5 gargoyles
  9 freezing wraiths
  A rime drake (shapeshifter) (D:15)
  7 komodo dragons
  13 ice devils
  8 redback zombies (Spider:3)
  43 yaktaurs
  8 polar bears (Lair:6)
  4 hellwings (Depths:2)
  3 red devils (Depths:2)
  17 merfolk
  A troll (shapeshifter) (Vaults:4)
  A meliai (shapeshifter) (Vaults:3)
  18 jumping spiders
  14 hornets
  4 trolls
  A queen bee (shapeshifter) (D:15)
  7 snapping turtles
  6 wind drakes
  20 blink frogs
  4 raiju
  14 slime creatures
  A meliai zombie (D:13)
  28 saltlings
  6 hippogriffs
  5 dream sheep (Lair:6)
  A blink frog (shapeshifter) (D:15)
  9 tarantella zombies (Spider:3)
  6 flying skulls
  A redback (shapeshifter) (D:15)
  51 redbacks
  A tarantella (shapeshifter) (Vaults:1)
  18 tarantellas
  3 spriggans (Depths:5)
  9 water elementals
  6 fire bats (Volcano)
  A vampire (Depths:4)
  4 wyverns (Lair:6)
  4 wraiths
  32 yaks
  Eustachio (D:5)
  A human (D:7)
  6 basilisks
  3 fire elementals (Spider:1)
  2 vampire mosquitoes (D:13)
  8 hogs
  2 hungry ghosts
  Edmund (D:4)
  2 soldier ants
  5 acid dragons
  8 wargs
  A water moccasin (shapeshifter) (D:14)
  A warg (shapeshifter) (Depths:1)
  22 hell hounds
  4 porcupines
  30 water moccasins
  6 ice beasts
  12 black bears
  An eye of draining (D:14)
  36 orc warriors
  3 phantoms
  5 sky beasts
  A necrophage (D:6)
  27 ogres
  A black bear (shapeshifter) (D:14)
  57 wolves
  An eye of draining (shapeshifter) (Depths:1)
  5 boggarts
  13 crocodiles
  33 centaurs
  Blork the orc (D:6)
  3 wyvern zombies
  2 big kobolds
  15 bullfrogs
  A deep troll simulacrum (Vaults:1)
  A wyvern skeleton (D:6)
  3 scorpions
  5 wights
  3 howler monkeys
  An electric eel (Spider:2)
  6 lava snakes (Volcano)
  15 crimson imps
  A draconian simulacrum (IceCv)
  6 hounds
  A bullfrog skeleton (D:9)
  2 bullfrog zombies
  7 centaur zombies
  Crazy Yiuf (D:5)
  17 orc priests
  2 gnoll shamans
  A jelly (D:14)
  21 orc wizards
  A centaur skeleton (D:10)
  Terence (D:2)
  5 iguanas
  A spriggan simulacrum (IceCv)
  4 troll simulacra (IceCv)
  4 worker ants
  5 hell rats (Lair:5)
  A killer bee zombie (D:8)
  3 centaur simulacra (IceCv)
  A hound zombie (D:10)
  A hound skeleton (D:4)
  Robin (D:2)
  20 gnolls
  An ogre simulacrum (IceCv)
  5 river rats (Lair:5)
  8 adders
  8 shadow imps
  An ufetubus (Depths:5)
  2 oozes
  An adder skeleton (D:7)
  An adder zombie (D:7)
  2 worms
  2 dart slugs (D:2)
  5 leopard geckos
  94 orcs
  2 ball pythons
  5 bats
  8 giant cockroaches
  11 goblins
  12 hobgoblins
  15 jackals
  10 kobolds
  4 quokkas
  6 frilled lizards
  A leopard gecko skeleton (D:5)
  A leopard gecko zombie (D:8)
  A quokka skeleton (D:4)
  A quokka zombie (D:7)
  9 rats
  A fungus (Lair:5)
1626 creatures vanquished.

Vanquished Creatures (collateral kills)
  A titan (Depths:4)
  A lich (Depths:3)
  Roxanne (D:14)
  2 imperial myrmidons (Desolation)
  2 vault wardens
  An ironheart preserver (Vaults:1)
  A stone giant (Vaults:2)
  A minotaur (Gauntlet)
  The ghost of xveg the Basher, a journeyman MiBe of Trog (Orc:2)
  2 merfolk javelineers (Shoals:4)
  An ettin (Depths:4)
  A deep elf death mage (Vaults:1)
  2 ragged hierophants (Desolation)
  A merfolk impaler (Shoals:3)
  A deep elf high priest (Depths:5)
  A yaktaur captain (Vaults:1)
  A great orb of eyes (Gauntlet)
  A hydra (D:15)
  A rakshasa (Depths:2)
  A peacekeeper (Desolation)
  A centaur warrior (Depths:2)
  A merfolk avatar (Shoals:4)
  An ogre mage (D:15)
  A merfolk aquamancer (Shoals:4)
  A slime creature (Vaults:1)
  A salamander mystic (Volcano)
  An iron troll (Depths:4)
  3 sea snakes
  A deep elf archer (Vaults:1)
  6 ironbrand convokers
  An obsidian statue (Orc:2)
  2 orc knights
  A deep elf mage (Vaults:1)
  3 fauns (Shoals:1)
  2 harpies (Shoals:3)
  4 cyclopes
  A salamander (Volcano)
  A frost giant zombie (Depths:2)
  3 ugly things (D:14)
  A molten gargoyle (Volcano)
  A water nymph (shapeshifter) (Depths:3)
  A merfolk siren (Shoals:4)
  A vault sentinel (Vaults:1)
  3 yaktaurs
  A rime drake (Lair:3)
  3 jumping spiders (Spider:4)
  10 merfolk
  A polar bear (Lair:6)
  A hornet (Vaults:3)
  15 saltlings
  A wind drake (Shoals:3)
  2 blink frogs
  3 dream sheep (Shoals:1)
  6 redbacks
  A water elemental (Shoals:4)
  A tarantella (Spider:4)
  2 wargs
  3 hell hounds
  3 orc warriors
  7 ogres
  A wolf (Depths:4)
  A centaur (D:14)
  A crimson imp (Depths:2)
  An orc priest (Orc:1)
  An orc wizard (Orc:1)
  A worker ant (D:7)
  3 orcs (Orc:1)
135 creatures vanquished.

Vanquished Creatures (others)
  A fire giant (Vaults:3)
  A merfolk aquamancer (Shoals:4)
  An ironbrand convoker (Vaults:3)
  A snapping turtle (Shoals:4)
  An orc priest (D:14)
  An orc (D:13)
  13 fungi
  55 plants
74 creatures vanquished.

Grand Total: 1835 creatures vanquished

Notes
Turn   | Place    | Note
-------+----------+-------------------------------------------
     0 | D:1      | jt the Felid Berserker began the quest for the Orb.
     0 | D:1      | Reached XP level 1. HP: 10/10 MP: 2/2
   285 | D:1      | Reached XP level 2. HP: 10/14 MP: 3/3
   547 | D:2      | Noticed Terence
   558 | D:2      | Killed Terence
   558 | D:2      | Reached XP level 3. HP: 17/17 MP: 4/4
   603 | D:2      | Found a blossoming altar of Fedhas.
  1211 | D:1      | Reached ** piety under Trog
  1286 | D:1      | Reached XP level 4. HP: 17/21 MP: 5/5
  1377 | D:1      | Reached skill level 5 in Unarmed Combat
  1537 | D:2      | Noticed Robin
  2593 | D:2      | Reached XP level 5. HP: 22/24 MP: 6/6
  2687 | D:2      | Killed Robin
  3539 | D:3      | Reached *** piety under Trog
  4024 | D:3      | Gained mutation: You are covered in thick fur. (AC +2)
                  | [Felid growth]
  4024 | D:3      | Reached XP level 6. HP: 25/28 MP: 7/7
  4783 | D:4      | Noticed Edmund
  4882 | D:5      | Entered Level 5 of the Dungeon
  4888 | D:5      | Found a staircase to the Ecumenical Temple.
  4899 | Temple   | Entered the Ecumenical Temple
  5073 | D:4      | Reached skill level 1 in Evocations
  5200 | D:4      | Noticed a slave
  5204 | D:4      | Noticed a slave
  5639 | D:4      | Killed Edmund
  5639 | D:4      | Reached XP level 7. HP: 31/31 MP: 8/10
  6242 | D:4      | Noticed Pikel
  6251 | D:4      | Killed Pikel
  6251 | D:4      | Reached skill level 6 in Dodging
  6251 | D:4      | Reached XP level 8. HP: 28/36 MP: 11/11
  6459 | D:5      | Noticed Eustachio
  6493 | D:5      | Killed Eustachio
  6651 | D:6      | Reached skill level 5 in Fighting
  6928 | D:5      | Reached skill level 7 in Dodging
  7647 | D:5      | Reached XP level 9. HP: 41/41 MP: 12/12
  7719 | D:5      | Found a runed translucent door.
  7720 | D:5      | Noticed Crazy Yiuf
  7725 | D:5      | Killed Crazy Yiuf
  8058 | D:6      | Noticed Blork the orc
  8161 | D:6      | Killed Blork the orc
  8242 | D:6      | Reached skill level 8 in Dodging
  8879 | D:6      | Reached **** piety under Trog
  9021 | D:6      | Found a shattered altar of Ashenzari.
  9177 | D:7      | Noticed Harold
  9187 | D:7      | HP: 2/63 [poisoned by an orc wizard]
  9187 | D:7      | Slain by Harold
  9188 | D:7      | Reached XP level 8. HP: 0/58 MP: 11/11
  9267 | D:6      | Reached skill level 9 in Dodging
  9403 | D:6      | Reached skill level 10 in Unarmed Combat
  9533 | D:7      | Killed Harold
  9533 | D:7      | Reached XP level 9. HP: 43/43 MP: 11/13
  9979 | D:7      | Reached skill level 5 in Evocations
  9983 | D:7      | Reached skill level 10 in Dodging
 10581 | D:8      | Noticed a two-headed ogre
 10718 | D:8      | Found an ancient bone altar of Kikubaaqudgha.
 10952 | D:8      | Found a shadowy altar of Dithmenos.
 11165 | D:8      | Reached XP level 10. HP: 33/48 MP: 15/15
 11210 | D:8      | Found Ruarr's Antique Armour Shop.
 11704 | D:8      | Killed a two-headed ogre
 12061 | D:8      | Found a shimmering altar of Xom.
 12063 | D:8      | Found a shadowy altar of Dithmenos.
 12064 | D:8      | Found a deep blue altar of Sif Muna.
 12223 | D:8      | Gained mutation: You are resistant to hostile enchantments.
                  | (MR+) [potion of mutation]
 12223 | D:8      | Gained mutation: You expend magic power (3 MP) to
                  | strengthen your wands. [potion of mutation]
 12223 | D:8      | Gained mutation: You are partially covered in iridescent
                  | scales. (AC +2) [potion of mutation]
 12223 | D:8      | Gained mutation: You are agile. (Dex +2) [potion of
                  | mutation]
 12499 | D:9      | Reached ***** piety under Trog
 12949 | D:9      | Found a staircase to the Lair.
 12961 | Lair:1   | Entered Level 1 of the Lair of Beasts
 12961 | Lair:1   | Noticed an oklob plant
 13472 | D:10     | Entered Level 10 of the Dungeon
 13496 | D:10     | Reached skill level 11 in Dodging
 13529 | D:10     | Reached skill level 1 in Stealth
 14188 | D:10     | Noticed a gargoyle
 14196 | D:10     | Found a runed translucent door.
 14196 | D:10     | Noticed a yaktaur captain
 14197 | D:10     | Noticed a tengu warrior
 14201 | D:10     | Killed a gargoyle
 14544 | D:10     | Noticed a tengu warrior
 14950 | D:10     | Noticed a gargoyle
 15192 | D:10     | Killed a gargoyle
 15307 | D:10     | Reached XP level 11. HP: 43/53 MP: 16/16
 15487 | D:10     | Found a runed translucent door.
 15498 | D:10     | Found a runed translucent door.
 15499 | D:10     | Found a runed translucent door.
 15499 | D:10     | Found a runed translucent door.
 15499 | D:10     | Noticed a brown ugly thing
 15664 | D:7      | Found a stormy altar of Qazlal.
 16024 | Lair:1   | Reached skill level 5 in Stealth
 16209 | Lair:1   | Reached skill level 12 in Dodging
 16213 | Lair:1   | Noticed a seven-headed hydra
 16358 | Lair:1   | Noticed a minotaur
 16359 | Lair:1   | Noticed jeko's ghost (journeyman HuFi)
 16398 | Lair:1   | Killed a seven-headed hydra
 16777 | Lair:2   | Found a gate leading to a gauntlet.
 16786 | Gauntlet | Entered a Gauntlet
 16786 | Gauntlet | Found a transporter.
 16791 | Gauntlet | Noticed a death scarab
 16793 | Gauntlet | Found a transporter.
 16795 | Gauntlet | Found a transporter.
 16810 | Gauntlet | Found a transporter.
 16811 | Gauntlet | Found a transporter.
 16818 | Gauntlet | Noticed a four-headed hydra
 16820 | Gauntlet | Found a transporter.
 16836 | Gauntlet | Found a transporter.
 16836 | Gauntlet | Noticed a wretched star
 16843 | Gauntlet | Noticed a death scarab
 16844 | Gauntlet | Found a runed translucent door.
 16846 | Gauntlet | Found a transporter.
 16848 | Gauntlet | Found a runed translucent door.
 16849 | Gauntlet | Noticed a death scarab
 16854 | Gauntlet | Noticed a great orb of eyes
 16856 | Gauntlet | Found a transporter.
 16858 | Gauntlet | Noticed a purple ugly thing
 16860 | Gauntlet | Found a transporter.
 16860 | Gauntlet | Found a transporter.
 16885 | Gauntlet | Noticed an oklob plant
 16890 | Gauntlet | Found a transporter.
 16890 | Gauntlet | Found a transporter.
 16925 | Gauntlet | Killed a death scarab
 16925 | Gauntlet | Reached skill level 10 in Fighting
 17066 | Gauntlet | Killed an oklob plant
 17178 | Gauntlet | Killed a great orb of eyes
 17183 | Gauntlet | Killed a purple ugly thing
 17183 | Gauntlet | Reached skill level 13 in Dodging
 17255 | Gauntlet | Noticed a minotaur
 17263 | Gauntlet | Killed a minotaur
 17368 | Gauntlet | Identified the Collected Works on Lucky Transmigration
 17617 | Lair:2   | Gained mutation: Your thick and shaggy fur keeps you warm.
                  | (AC +3, rC+) [Felid growth]
 17617 | Lair:2   | Reached XP level 12. HP: 58/58 MP: 17/17
 18177 | Lair:2   | Found a blossoming altar of Fedhas.
 18343 | Lair:2   | Noticed a five-headed hydra
 18343 | Lair:2   | Noticed a six-headed hydra
 18376 | Lair:3   | Noticed a five-headed hydra
 18386 | Lair:3   | Killed a five-headed hydra
 18434 | Lair:3   | Reached skill level 14 in Dodging
 19458 | Lair:4   | Noticed a six-headed hydra
 19460 | Lair:4   | Noticed a death yak
 19461 | Lair:4   | Noticed a death yak
 19461 | Lair:4   | Noticed a death yak
 19472 | Lair:5   | Found a staircase to the Slime Pits.
 19515 | Lair:5   | Found a dark tunnel.
 19590 | Volcano  | Entered a volcano
 20061 | Volcano  | Found a burning altar of Makhleb.
 20379 | Lair:5   | Reached ****** piety under Trog
 20379 | Lair:5   | Reached XP level 13. HP: 64/64 MP: 18/18
 20427 | Lair:5   | Reached skill level 15 in Dodging
 20464 | Lair:5   | You fall through a shaft!
 20464 | Lair:6   | Entered Level 6 of the Lair of Beasts
 20793 | Lair:6   | Got a steaming wooden ring
 20794 | Lair:6   | Identified the ring of Yceoxi {*Contam rPois rC+ Slay+2
                  | Stlth-} (You found it on level 6 of the Lair of Beasts)
 21934 | Lair:4   | Found a staircase to the Shoals.
 22286 | Shoals:1 | Entered Level 1 of the Shoals
 22615 | Lair:4   | Reached skill level 16 in Dodging
 25366 | Lair:6   | Reached XP level 14. HP: 58/70 MP: 19/19
 26647 | Lair:6   | Reached skill level 17 in Dodging
 26841 | Lair:6   | Reached skill level 15 in Unarmed Combat
 29130 | Lair:1   | Found a runed translucent gate.
 29131 | Lair:1   | Found a runed translucent gate.
 29132 | Lair:1   | Found a runed translucent gate.
 29808 | D:11     | Found a staircase to the Orcish Mines.
 29815 | Orc:1    | Entered Level 1 of the Orcish Mines
 29847 | Orc:1    | Found Ypuocoq's Gadget Shop.
 29928 | Orc:1    | Bought a wand of iceblast (11) for 195 gold pieces
 29928 | Orc:1    | Bought a phial of floods for 520 gold pieces
 29928 | Orc:1    | Bought a lamp of fire for 520 gold pieces
 30033 | Orc:2    | Entered Level 2 of the Orcish Mines
 30047 | Orc:2    | Found a runed translucent gate.
 30047 | Orc:2    | Found a runed translucent gate.
 30047 | Orc:2    | Found an opulent altar of Gozag.
 30048 | Orc:2    | Found a runed translucent gate.
 30050 | Orc:2    | Noticed xveg's ghost (journeyman MiBe)
 30053 | Orc:2    | Found Gaclugif's Assorted Antiques.
 30085 | Orc:2    | Found a frozen archway.
 30112 | IceCv    | Entered an ice cave
 31638 | Orc:1    | Noticed Gastronok
 31775 | Orc:1    | Killed Gastronok
 32089 | Orc:2    | Noticed Sonja
 32090 | Orc:2    | Killed Sonja
 32090 | Orc:2    | Reached XP level 15. HP: 75/75 MP: 22/22
 32099 | Orc:2    | Found a staircase to the Elven Halls.
 32761 | Orc:2    | Found a roughly hewn altar of Beogh.
 32861 | Orc:2    | Noticed an orc warlord
 33549 | Orc:2    | Found Leosihib's Book Emporium.
 33549 | Orc:2    | Found Ranotodd's Magic Scroll Shop.
 33551 | Orc:2    | Found Rojy's Gadget Boutique.
 33553 | Orc:2    | Found Urafud's Antique Weapon Shoppe.
 33564 | Orc:2    | Bought a wand of disintegration (22) for 364 gold pieces
 33564 | Orc:2    | Bought a phantom mirror for 420 gold pieces
 33642 | Orc:2    | Killed an orc warlord
 34050 | Elf:1    | Entered Level 1 of the Elven Halls
 34157 | Orc:2    | Killed xveg's ghost
 34205 | Orc:2    | Bought a scroll labeled JUYPHIE KEUVAI for 34 gold pieces
 34520 | D:12     | Found Noivof's Antique Weapon Emporium.
 34638 | D:12     | Reached skill level 18 in Dodging
 35487 | D:12     | Noticed Kirke
 35507 | D:12     | Killed Kirke
 37575 | D:14     | Identified Roxanne's Volume of Stones
 37575 | D:14     | Noticed Roxanne
 37589 | D:14     | Killed from afar by Roxanne
 37590 | D:14     | Reached XP level 14. HP: 0/72 MP: 19/22
 37637 | D:14     | Found an ornate altar of the Wu Jian Council.
 37864 | D:14     | Reached skill level 10 in Evocations
 38275 | D:14     | Found a gate to the Vaults.
 38421 | D:15     | Entered Level 15 of the Dungeon
 39077 | D:14     | Reached skill level 15 in Fighting
 39534 | D:15     | Reached XP level 15. HP: 58/77 MP: 23/23
 40365 | D:15     | Reached skill level 19 in Dodging
 40415 | D:15     | Found a staircase to the Depths.
 40499 | Depths:1 | Entered Level 1 of the Depths
 41264 | Depths:1 | Found a gateway to Hell.
 41829 | Lair:2   | Found a hole to the Spider Nest.
 41846 | Lair:2   | Identified a scroll of acquirement
 41848 | Lair:2   | Got a translucent turquoise ring
 41850 | Lair:2   | Identified the ring "Ulibuid" {Str+4 Int+6} (You acquired
                  | it on level 2 of the Lair of Beasts)
 42259 | Spider:1 | Entered Level 1 of the Spider Nest
 42260 | Spider:1 | Noticed Agnes
 42275 | Spider:1 | Killed Agnes
 42411 | Spider:1 | Noticed a ghost moth
 42856 | Spider:1 | Killed a ghost moth
 43323 | Spider:1 | Noticed Azrael
 43336 | Spider:1 | Killed Azrael
 47307 | Spider:3 | Reached skill level 20 in Dodging
 47481 | Spider:4 | Entered Level 4 of the Spider Nest
 47483 | Spider:4 | Reached XP level 16. HP: 82/82 MP: 24/24
 49697 | Spider:3 | HP: 4/82 [poisoned by a redback]
 49704 | Spider:3 | HP: 4/82 [poisoned by a redback]
 49712 | Spider:3 | HP: 4/82 [poisoned by a redback]
 50964 | Spider:4 | Found a runed translucent gate.
 50964 | Spider:4 | Found a runed translucent gate.
 50964 | Spider:4 | Found a runed translucent gate.
 50966 | Spider:4 | Noticed Tramtrist's ghost (adept DDFi)
 53472 | Spider:4 | Got a gossamer rune of Zot
 54173 | Vaults:1 | Entered Level 1 of the Vaults
 54301 | Vaults:1 | Found a ruined gateway.
 54306 | Desolati | Entered the Desolation of Salt
 54699 | Desolati | Reached skill level 21 in Dodging
 54755 | Desolati | Reached XP level 17. HP: 30/88 MP: 4/25
 55003 | Desolati | Got a bound silver ring
 55004 | Desolati | Identified the cursed ring "Zuntaevo" {Int+5 Dex-3} (You
                  | found it in the Desolation of Salt)
 55016 | Desolati | Identified the Disquisition on the Mutagenic Escort
 55825 | Desolati | Got a steaming glass ring
 55826 | Desolati | Identified the ring "Mudiwas" {*Tele rElec rF+ Int+3} (You
                  | found it in the Desolation of Salt)
 56060 | Desolati | Got a smoking bone ring
 56061 | Desolati | Identified the ring "Veodunot" {-Tele rF+ rN+ Dex+4 Stlth+}
                  | (You found it in the Desolation of Salt)
 58616 | D:14     | Killed Roxanne
 59510 | Vaults:2 | Reached skill level 22 in Dodging
 59884 | Vaults:2 | Found a shattered altar of Ashenzari.
 59917 | Vaults:2 | Reached XP level 18. HP: 93/93 MP: 26/26
 60290 | Vaults:3 | Found a flickering gateway to a bazaar.
 60457 | Bazaar   | Entered a bazaar
 60457 | Bazaar   | Found Pozuts's Book Boutique.
 60457 | Bazaar   | Found Misunwec's Magic Scroll Shop.
 60457 | Bazaar   | Found Ilysouv's Assorted Antiques.
 60630 | Bazaar   | Bought a scroll of silence for 135 gold pieces
 60634 | Bazaar   | Bought a sack of spiders for 620 gold pieces
 61646 | Vaults:3 | Noticed a Hell Sentinel
 62378 | Vaults:3 | Paralysed by a hornet for 2 turns
 63947 | Vaults:2 | Found a staircase to the Crypt.
 64602 | Vaults:2 | Reached skill level 23 in Dodging
 64892 | Vaults:2 | Slain by a vault warden
 64893 | Vaults:2 | Reached XP level 17. HP: -1/135 MP: 25/25
 65583 | Vaults:4 | Reached XP level 18. HP: 79/94 MP: 26/26
 67255 | Vaults:4 | Found a portal to a secret trove of treasure.
 69786 | Shoals:3 | Reached skill level 24 in Dodging
 70096 | Shoals:4 | Entered Level 4 of the Shoals
 70570 | Shoals:4 | Noticed Ilsuiw
 70589 | Shoals:4 | Reached XP level 19. HP: 49/100 MP: 22/27
 70596 | Shoals:4 | Killed Ilsuiw
 71827 | Shoals:4 | Found Xerit's Antique Armour Emporium.
 72316 | Shoals:4 | Got a barnacled rune of Zot
 76186 | Depths:2 | Found a runed translucent door.
 76186 | Depths:2 | Found a shimmering altar of Xom.
 76186 | Depths:2 | Noticed qeurul's ghost (adept MiFi)
 77957 | Depths:2 | Found an ancient bone altar of Kikubaaqudgha.
 78417 | Depths:3 | You fall through a shaft for 2 floors!
 78417 | Depths:5 | Entered Level 5 of the Depths
 78480 | Depths:5 | Reached XP level 20. HP: 67/106 MP: 30/30
 78679 | Depths:4 | Found a one-way gate to the infinite horrors of the Abyss.
 78970 | Depths:5 | Found a gateway to a ziggurat.
 79116 | Depths:5 | Noticed a bone dragon
 79371 | Depths:5 | Killed from afar by a deep troll earth mage
 79372 | Depths:5 | Reached XP level 19. HP: -6/102 MP: 28/29
 79378 | Depths:5 | Noticed a golden dragon
 79388 | Depths:5 | Killed a golden dragon
 79649 | Depths:5 | Killed a bone dragon
 80108 | Depths:3 | Slain by a deep troll
 80109 | Depths:3 | Reached XP level 18. HP: -5/147 MP: 28/28
 80158 | Depths:3 | You fall through a shaft!
 80203 | Depths:4 | HP: 2/98 [iron troll (21)]
 81043 | Depths:4 | Found The Legendary Woucraupra's Legendary Smithy.
 81090 | Depths:4 | Found Kygog's Miraculous Elixirs.
 81171 | Depths:4 | Found Jack's Jerk-a-riffic Jerky.
 81494 | Depths:4 | Found Beus's Slaves and Accessories.
 81517 | Depths:4 | Slain by a stone giant

Skill      XL: |  1  2  3  4  5  6  7  8  9 10 11 12 13 14 15 16 17 18 19 |
---------------+----------------------------------------------------------+-----
Unarmed Combat | 4 5 6 7 8 10 11 12 13 14 15 17 18 20 21 | 21.6
Evocations     | 3 4 5 6 10 9 13 12 | 13.3
Fighting       | 4 7 6 9 10 11 13 15 16 17 19 20 | 20.9
Dodging        | 6 9 10 11 13 14 16 17 20 21 22 24 | 24.2
Stealth        | 3 5 7 9 |  9.3

Action                   |  1- 3 |  4- 6 |  7- 9 | 10-12 | 13-15 | 16-18 | 19-21 || total
-------------------------+-------+-------+-------+-------+-------+-------+-------++-------
Melee: Unarmed           |    60 |   238 |   366 |   660 |  1967 |  1918 |   727 ||  5936
       Bite              |    11 |    18 |    49 |    90 |   334 |   359 |   136 ||   997
       Punch             |     1 |     7 |    20 |    45 |   205 |   297 |   128 ||   703
Invok: Berserk           |     1 |     5 |    15 |    20 |    40 |    23 |    10 ||   114
       Trog's Hand       |       |     2 |     2 |     1 |     3 |     8 |    10 ||    26
       Brothers in Arms  |       |       |     1 |     6 |    12 |    20 |     9 ||    48
Evoke: Wand              |       |     3 |     3 |    13 |    39 |    56 |    13 ||   127
       Lightning rod     |       |       |       |       |     6 |    19 |     3 ||    28
       Lamp of fire      |       |       |       |       |     1 |     7 |     1 ||     9
       Phial of floods   |       |       |       |       |       |     3 |     1 ||     4
       Sack of spiders   |       |       |       |       |       |     3 |     5 ||     8
       Box of beasts     |       |       |       |       |       |     1 |     1 ||     2
  Use: Scroll            |       |       |     3 |    19 |    14 |     9 |       ||    45
       Potion            |       |       |     2 |    15 |     5 |     8 |     4 ||    34
 Stab: Sleeping          |     3 |     5 |     2 |     9 |    38 |    67 |     5 ||   129
       Distracted        |       |     2 |       |     3 |    11 |    12 |     4 ||    32
       Paralysed         |       |       |       |       |     3 |     2 |       ||     5
       Held in net/web   |       |       |       |       |     1 |     1 |       ||     2
  Eat: Chunk             |     9 |    12 |    32 |    47 |    90 |    92 |    41 ||   323
       Ration            |       |       |       |       |     1 |     3 |       ||     4
Armor: Skin              |     1 |     4 |    41 |    24 |    82 |    54 |    22 ||   228
Dodge: Dodged            |    44 |   153 |   336 |   560 |  2015 |  2022 |   779 ||  5909
